 Dungeon Crawl Stone Soup version 0.14-a0-1653-g0ad7a2c (webtiles) character file.

434 ReteAZ the Digger (level 5, -17/42 HPs)
             Began as a Deep Dwarf Earth Elementalist on Dec 27, 2013.
             Demolished by an ogre
             ... wielding a +0,+0 giant club
              (29 damage)
             ... on Level 4 of the Dungeon.
             The game lasted 00:25:59 (3285 turns).

ReteAZ the Digger (Deep Dwarf Earth Elementalist)   Turns: 3285, Time: 00:26:00

HP -17/42        AC  2     Str 11      XL: 5   Next: 90%
MP   0/11        EV 12     Int 20      God:
Gold 180         SH  0     Dex 13      Spells:  3 memorised,  4 levels left

rFire  . . .     SeeInvis .     E - -3,+1 orc war axe (curse)
rCold  . . .     Clarity  .     c - +0 robe (curse)
rNeg   + . .     Conserve .     (no shield)
rPois  .         rCorr    .     B - +0 cap (curse)
rElec  .         rRot     .     (no cloak)
SustAb . .       Spirit   .     (no gloves)
rMut   .         Warding  .     (no boots)
Saprov . . .     Stasis   .     (no amulet)
                                y - +3 ring of intelligence
                                i - ring of positive energy {unknown}

@: non-regenerating, somewhat resistant to hostile enchantments, fairly stealthy
A: damage resistance, recharge devices, sense surroundings 1, slow healing 3
a: Device Recharging


You were on level 4 of the Dungeon.
You were near starving.

You visited 1 branch of the dungeon, and saw 4 of its levels.

You collected 180 gold pieces.

Inventory:

Hand weapons
 m - a +0,+0 dwarven crossbow
 q - a +0,+2 short sword
 E - a cursed -3,+1 orcish war axe (weapon)
 F - a +1,+1 dwarven war axe
Missiles
 b - 26 stones
 r - 5 darts of frost (quivered)
 s - 52 darts
 t - 11 silver bolts
Armour
 c - a cursed +0 robe (worn)
 v - a +0 buckler
 B - a cursed +0 cap (worn)
 C - a +0 buckler
Magical devices
 a - a wand of heal wounds (4)
Comestibles
 f - 2 bread rations
 g - a lychee
 j - an apple
 k - a royal jelly
 l - 2 chokos
 o - a pear
 p - a meat ration
 u - an apricot
Scrolls
 x - a scroll of teleportation
Jewellery
 i - a ring of positive energy (left hand) {unknown}
 y - a +3 ring of intelligence (right hand)
 H - an uncursed ring of poison resistance {unknown}
Potions
 h - a potion of restore abilities {unknown}
 n - a potion of curing
 w - a potion of flight {unknown}
 z - a potion of lignification {unknown}
Books
 d - a book of Geomancy

   Spells                             Type                      Level
   *Sandblast                         Earth                        1
   *Stoneskin                         Transmutation/Earth          2
   Passwall                           Transmutation/Earth          3
   *Stone Arrow                       Conjuration/Earth            3
   Petrify                            Transmutation/Earth          4
   Lee's Rapid Deconstruction         Earth                        5


   Skills:
 + Level 1.8 Axes
 - Level 2.1 Dodging
 - Level 2.4 Stealth
 - Level 3.1 Spellcasting
 - Level 0.8 Transmutations
 * Level 7.2 Earth Magic


You had 4 spell levels left.
You knew the following spells:

 Your Spells              Type           Power        Failure   Level  Hunger
a - Sandblast             Erth           ####..       1%          1    None
b - Stoneskin             Trmt/Erth      ###.......   4%          2    ##.....
c - Stone Arrow           Conj/Erth      ###...       12%         3    ###....


Dungeon Overview and Level Annotations

Branches:
Dungeon (4/16)
 Temple: D:4-7

Altars:


Innate Abilities, Weirdness & Mutations

You are resistant to damage.
You can recharge devices by infusing magical energy.
You passively map a small area around you.
You do not heal naturally.


Message History

Your magical contamination has completely faded away.
Casting: Sandblast
Confirm with . or Enter, or press ? or * to list all spells.
Aiming: Sandblast
Press: ? - help, Shift-Dir - straight line, f/p - ogre
Aim: an ogre, wielding a giant club (severely wounded)
The blast of sand hits the ogre.
The ogre is severely wounded.
The ogre hits you with a giant club!
* * * LOW HITPOINT WARNING * * *
Casting: Sandblast
Confirm with . or Enter, or press ? or * to list all spells.
Aiming: Sandblast
Press: ? - help, Shift-Dir - straight line, f/p - ogre
Aim: an ogre, wielding a giant club (severely wounded)
The blast of sand hits the ogre.
The ogre is almost dead.
The ogre hits you with a giant club!
Ouch! That really hurt!
You die...

#..####
#.#.#..
#.....#
#.....
#..##.#
#.#.#.#
#.##* #
#.....#
#.# #.#.#
# #.# *
#.#.. #.#
#.#.#
#O###.####
. . ,*
#@........
,
#.###.####
* #.# *
#.# * #.#
* * #.# ,
, #.. ,
#.# * ###


You could see an ogre.

Vanquished Creatures
  An orc priest (D:3)
  A hound (D:3)
  A worker ant (D:4)
  Jessica (D:3)
  4 adders
  3 giant mites
  A worm (D:3)
  9 orcs
  2 ball pythons (D:3)
  2 giant cockroaches
  8 goblins
  8 hobgoblins
  6 jackals
  A quokka (D:2)
  6 bats
  4 giant geckos
  7 giant newts
  11 kobolds
  7 rats
83 creatures vanquished.

Notes
Turn   | Place    | Note
--------------------------------------------------------------
     0 | D:1      | ReteAZ, the Deep Dwarf Earth Elementalist, began the quest for the Orb.
     0 | D:1      | Reached XP level 1. HP: 15/15 MP: 2/2
   201 | D:1      | Reached XP level 2. HP: 20/22 MP: 1/4
   352 | D:1      | Learned a level 2 spell: Stoneskin
   794 | D:2      | Reached XP level 3. HP: 17/28 MP: 4/6
   858 | D:2      | Reached skill level 5 in Earth Magic
   894 | D:2      | Paralysed by a potion of paralysis for 6 turns
   936 | D:2      | Learned a level 3 spell: Stone Arrow
  1219 | D:2      | Reached XP level 4. HP: 32/36 MP: 1/8
  1892 | D:3      | Noticed Jessica
  1897 | D:3      | Killed Jessica
  1924 | D:3      | Reached skill level 6 in Earth Magic
  2021 | D:3      | Reached XP level 5. HP: 18/42 MP: 11/11
  2350 | D:3      | Reached skill level 1 in Axes
  3121 | D:4      | Reached skill level 7 in Earth Magic
  3231 | D:4      | Noticed an ogre
  3285 | D:4      | Demolished by an ogre

Action                   |  1- 3 |  4- 6 || total
-------------------------+-------+-------++-------
Melee: Unarmed           |    20 |       ||    20
       Short sword       |    37 |    10 ||    47
       Whip              |     1 |       ||     1
       War axe           |       |    44 ||    44
 Fire: Crossbow          |    14 |    33 ||    47
Throw: Dart              |     4 |    28 ||    32
 Cast: Sandblast         |    37 |    46 ||    83
       Stoneskin         |     2 |     7 ||     9
       Stone Arrow       |       |    13 ||    13
Evoke: Wand              |     1 |       ||     1
  Use: Scroll            |     2 |     5 ||     7
       Potion            |     1 |     3 ||     4
 Stab: Sleeping          |     1 |       ||     1
